 Dungeon Crawl Stone Soup version 0.23.2-30-g0e89c35649 (webtiles) character file.

Game seed: 10657770036734277487

175 Pyrotika the Skirmisher (level 5, -3/48 HPs)
             Began as a Hill Orc Fighter on June 14, 2019.
             Killed by divine providence
             ... invoked by an orc priest
              (12 damage)
             ... on level 3 of the Dungeon.
             The game lasted 00:06:29 (1728 turns).

Pyrotika the Skirmisher (Hill Orc Fighter)          Turns: 1728, Time: 00:06:30

Health: -3/48      AC:  7    Str: 19    XL:     5   Next: 55%
Magic:  5/5        EV:  8    Int:  8    God:
Gold:   113        SH:  9    Dex: 11    Spells: 4/4 levels left

rFire    . . .     SeeInvis .   a - +0 war axe
rCold    . . .     Gourm    .   c - +0 shield
rNeg     . . .     Faith    .   b - +0 scale mail
rPois    .         Spirit   .   (no helmet)
rElec    .         Reflect  .   (no cloak)
rCorr    .         Harm     .   (no gloves)
MR       .....                  (no boots)
Stlth    ..........             (no amulet)
HPRegen  0.16/turn              (no ring)
MPRegen  0.09/turn              (no ring)

@: no status effects
A: no striking features
a: Convert to Beogh


You were on level 3 of the Dungeon.
You were not hungry.

You visited 1 branch of the dungeon, and saw 3 of its levels.

You collected 113 gold pieces.

Inventory:

Hand Weapons
 a - a +0 war axe (weapon)
Armour
 b - a +0 scale mail (worn)
 c - a +0 shield (worn)
Wands
 m - a wand of paralysis (6)
Scrolls
 e - 3 scrolls of identify {unknown}
 l - a scroll of teleportation {unknown}
 o - a scroll of fear {unknown}
Potions
 d - a potion of might
 g - a potion of heal wounds {unknown}
 h - a potion of invisibility {unknown}
 i - 2 potions of flight {unknown}
 j - a potion of agility {unknown}
 k - a potion of curing {unknown}
Comestibles
 f - 5 rations
 n - 5 chunks of flesh


   Skills:
 * Level 5.1 Fighting
 + Level 3.8 Axes
 + Level 4.0 Armour
 + Level 1.4 Dodging
 + Level 4.0 Shields


You had 4 spell levels left.
You didn't know any spells.
Your spell library was empty.

Dungeon Overview and Level Annotations

Branches:
Dungeon (3/15)

Altars:


Message History

You hear some strange, mumbled words.
A puff of flame appears from out of thin air!
You block the puff of flame.
You barely miss something. Something hits you.
You closely miss something. Something hits you.
Something hits you but does no damage.
You slash something!
Reactivating autopickup.
Your Shields skill increases to level 4!
You feel a bit more experienced.
The orc priest invokes the aid of Beogh against you.
Beogh smites you!
* * * LOW HITPOINT WARNING * * *
You closely miss the orc priest.
The orc priest shouts, "Surrender to Beogh and we'll let you live!" x3
The orc priest barely misses you.
You barely miss the orc priest.
The orc priest calls down the wrath of Beogh upon you.
Beogh smites you!
You die...

....#.. ###.#.# #.#
#.#.# #.# # #.#.# #.# #
#.#.# #.#
###.#.#######.###
+...............
###.#.#######.#####.####
+...........?...@oo.....
###.#.########.####.####
# #.#.# ..... .......
.....### ###.#)#.
####..# #+#.#.# #..# ##
..# .... .+ .. .... ##


You could see an orc priest and an orc.

Vanquished Creatures
  Ijyb (D:3)
  An orc wizard (D:3)
  4 adders
  An ooze (D:2)
  4 worms
  An orc (D:3)
  6 giant cockroaches
  10 hobgoblins
  5 jackals
  4 ball pythons
  5 bats (D:1)
  A frilled lizard (D:2)
  10 goblins
  7 kobolds
  5 rats
65 creatures vanquished.

Notes
Turn   | Place    | Note
-------+----------+-------------------------------------------
     0 | D:1      | Pyrotika the Hill Orc Fighter began the quest for the Orb.
     0 | D:1      | Reached XP level 1. HP: 19/19 MP: 1/1
   153 | D:1      | Reached XP level 2. HP: 27/27 MP: 2/2
   270 | D:1      | Reached skill level 4 in Fighting
   394 | D:1      | Reached XP level 3. HP: 32/33 MP: 3/3
   857 | D:2      | Reached XP level 4. HP: 41/41 MP: 4/4
   890 | D:2      | Reached skill level 1 in Dodging
  1442 | D:3      | Reached XP level 5. HP: 25/47 MP: 5/5
  1478 | D:3      | Noticed Ijyb
  1500 | D:3      | Paralysed by Ijyb for 7 turns
  1511 | D:3      | Killed Ijyb
  1511 | D:3      | Reached skill level 5 in Fighting
  1728 | D:3      | Killed from afar by an orc priest

Skill      XL: |  1  2  3  4  5 |
---------------+----------------+-----
Axes           | 3 |  3.8
Fighting       | 4 5 |  5.1
Dodging        | 1 |  1.4
Armour         | 4 |  4.0
Shields        | 4 |  4.0

Action                   |  1- 3 |  4- 6 || total
-------------------------+-------+-------++-------
Melee: War axe           |   122 |   113 ||   235
  Eat: Chunk             |       |     3 ||     3
Armor: Scale mail        |    52 |    47 ||    99
Dodge: Dodged            |    35 |    33 ||    68
Block: Shield            |    73 |    46 ||   119
